[Event "Team 45 45 League T39"]
[Site "Internet Chess Club"]
[Date "2008.11.16"]
[Round "4"]
[White "Fidius"]
[Black "Despair"]
[Result "1-0"]
[WhiteElo "2001"]
[BlackElo "1935"]
[Opening "Alekhine's defense: Sämisch attack"]
[ECO "B02"]
[Time "17:01:48"]
[TimeControl "2700+45"]

1. e4 Nf6 2. e5 Nd5 3. Nc3 Nxc3 4. dxc3 d6 5. Bf4 Nc6 6. Nf3 Bg4 7. Bb5 g6 8.
Qd5 Bxf3 9. Qxf3 Qd7 10. O-O-O Bg7 11. Kb1 O-O 12. Rhe1 a6 13. Ba4 Kh8 14. g4 b5
15. Bb3 Na5 16. exd6 cxd6 17. h4 Nxb3 18. axb3 Rfe8 19. h5 a5 20. hxg6 fxg6 21.
Be5 Bxe5 22. Rxe5 a4 23. Qf7 Rf8 24. Qxe7 Qxe7 25. Rxe7 axb3 26. cxb3 Rxf2 27.
Rh1 Kg8 28. Rhxh7 Rf1+ 29. Kc2 Rf2+ 30. Kd3 Rxb2 31. Reg7+ Kf8 32. Rxg6 Ra1 33.
b4 Rd1+ 34. Ke3 Re1+ 35. Kf4 Rf2+ 36. Kg3 Rd2 37. Rc7 Re3+ 38. Kf4 Rdd3 39. Rf6+
Ke8 40. Rh6 Rf3+ 41. Kg5 Rh3 42. Rxh3 Rxh3 43. Kg6 Kd8 44. Rb7 Rxc3 45. Rxb5 Rc4
46. g5 Kc7 47. Kf7 Kc6 48. Rf5 Rxb4 49. g6 Rb7+ 50. Kf6 d5 51. g7 Rb8 52. Rh5 d4
53. Rh8 Rxh8 54. gxh8=Q Kc5 55. Qc8+ Kd5 56. Qc2 Kd6 57. Qc4 {Black resigns} 1-0

[Event "Team 45 45 League T39"]
[Site "Internet Chess Club"]
[Date "2008.11.15"]
[Round "4"]
[White "czek"]
[Black "hewdondada"]
[Result "1-0"]
[WhiteElo "1901"]
[BlackElo "1859"]
[Opening "Blackmar gambit"]
[ECO "B01"]
[Time "11:29:45"]
[TimeControl "2700+45"]

1. e4 d5 2. d4 dxe4 3. Nc3 Nf6 4. f3 exf3 5. Nxf3 Bg4 6. h3 Bxf3 7. Qxf3 c6 8.
Be3 e6 9. g4 Bb4 10. Bd3 Qd5 11. Rf1 Qxf3 12. Rxf3 Nd5 13. Bd2 Nxc3 14. bxc3 Be7
15. Rb1 b6 16. Be4 Bd6 17. c4 O-O 18. Be3 Na6 19. Bxc6 Rab8 20. c3 Nc7 21. Ke2
e5 22. Rf5 exd4 23. cxd4 Ne6 24. Kd3 Rbd8 25. a4 Bc5 26. Rd5 Bd6 27. a5 Bc7 28.
Rxd8 Rxd8 29. d5 Nc5+ 30. Kc3 Ne4+ 31. Kc2 Nc5 32. g5 Kf8 33. h4 Rb8 34. Bd4 Bd6
35. h5 Kg8 36. h6 g6 37. Be3 Bc7 38. Kd2 Ne4+ 39. Kd3 Nd6 40. Bf4 Ne8 41. Bxc7
Nxc7 42. c5 b5 43. Kd4 a6 44. Bd7 Kf8 45. d6 Ne6+ 46. Bxe6 fxe6 47. Rf1+ Ke8 48.
c6 b4 49. Ke5 b3 50. Kxe6 b2 51. d7+ Kd8 52. Kd6 {Black resigns} 1-0

[Event "Team 45 45 League T39"]
[Site "Internet Chess Club"]
[Date "2008.11.15"]
[Round "4"]
[White "mugurelt"]
[Black "pelayo"]
[Result "0-1"]
[WhiteElo "1707"]
[BlackElo "1690"]
[Opening "Ruy Lopez: exchange variation, 5.O-O"]
[ECO "C68"]
[Time "00:30:19"]
[TimeControl "2700+45"]

1. e4 e5 2. Nf3 Nc6 3. Bb5 a6 4. Bxc6 dxc6 5. O-O Bd6 6. h3 Nf6 7. d3 Be6 8. b3
Qd7 9. Ng5 O-O-O 10. f4 exf4 11. d4 Bc5 12. c3 h6 13. Nxe6 Qxe6 14. e5 Qxe5 15.
Bxf4 Qd5 16. Kh1 Rhe8 17. Nd2 Bd6 18. Bxh6 Nh5 19. Qg4+ Kb8 20. Kg1 gxh6 21. Rf5
Qe6 22. Nc4 Nf6 23. Qf3 Nd5 24. Rf1 b5 25. Na5 Qe3+ 26. Qxe3 Nxe3 27. Nxc6+ Kc8
28. Nxd8 Kxd8 29. Rxf7 Nxf1 30. Kxf1 Rf8 31. Rxf8+ Bxf8 32. c4 Kd7 33. Ke2 Ke6
34. Ke3 Bg7 35. Ke4 b4 36. c5 c6 37. g3 a5 38. h4 h5 39. Kd3 Kd5 40. Ke3 Bxd4+
41. Kf4 Bxc5 42. Kg5 Bf2 43. Kxh5 Bxg3 44. Kg4 Bxh4 45. Kxh4 Kd4 46. Kg3 Kc3 47.
Kf2 Kb2 48. Ke2 Kxa2 49. Kd2 Kxb3 50. Kc1 Ka2 {White resigns} 0-1

[Event "Team 45 45 League T39"]
[Site "Internet Chess Club"]
[Date "2008.11.14"]
[Round "4"]
[White "quotha"]
[Black "RD1974"]
[Result "0-1"]
[WhiteElo "1644"]
[BlackElo "1647"]
[Opening "Scandinavian (center counter) defense"]
[ECO "B01"]
[Time "18:03:14"]
[TimeControl "2700+45"]

1. e4 d5 2. e5 c5 3. c3 Nc6 4. d4 a6 5. Nf3 Bg4 6. Nbd2 b5 7. Be2 e6 8. O-O Be7
9. h3 Bh5 10. Re1 Bg6 11. a4 Rb8 12. axb5 axb5 13. Nf1 Nh6 14. g4 O-O 15. Bxh6
gxh6 16. Ng3 cxd4 17. cxd4 Bb4 18. Qc1 Bxe1 19. Qxh6 Bb4 20. Nh5 Bxh5 21. gxh5
f5 22. Kh2 Qe7 23. Rg1+ Kh8 24. Nh4 Rg8 25. Rg6 Nxd4 26. Rf6 Rbf8 27. Ng6+ Rxg6
28. Rxf8+ Qxf8 29. Qxf8+ Bxf8 {White resigns} 0-1

[Event "Team 45 45 League T39"]
[Site "Internet Chess Club"]
[Date "2008.11.16"]
[Round "4"]
[White "Fosca"]
[Black "nodoyuna"]
[Result "1-0"]
[WhiteElo "1889"]
[BlackElo "1828"]
[Opening "Sicilian: closed"]
[ECO "B23"]
[Time "11:00:14"]
[TimeControl "2700+45"]

1. e4 c5 2. Nc3 a6 3. Nge2 Nc6 4. d4 cxd4 5. Nxd4 e5 6. Nf5 d6 7. Ne3 Nge7 8.
Ned5 Nxd5 9. Nxd5 Be6 10. Bc4 b5 11. Bb3 Nd4 12. Be3 Nxb3 13. axb3 Bxd5 14. Qxd5
Qc8 15. c3 Be7 16. O-O O-O 17. b4 Qc4 18. Qxc4 bxc4 19. Rfd1 f5 20. f3 fxe4 21.
fxe4 Kf7 22. Rf1+ Ke6 23. Rxf8 Bxf8 24. b5 Kd7 25. bxa6 Kc6 26. a7 Kb5 27. Kf2
Be7 28. Ke2 Bd8 29. Rd1 Kc6 30. Rf1 Bb6 31. Rf7 Bxe3 32. Kxe3 g5 33. Rxh7 Kc5
34. h3 Kb6 35. g3 Rf8 36. h4 g4 37. h5 Rf3+ 38. Ke2 Rf8 39. h6 Kc6 40. Rf7 Rh8
41. h7 Kb6 42. Rg7 Ka6 43. Rg8 {Black resigns} 1-0

[Event "Team 45 45 League T39"]
[Site "Internet Chess Club"]
[Date "2008.11.16"]
[Round "4"]
[White "pedrin"]
[Black "LeChatelier"]
[Result "0-1"]
[WhiteElo "1583"]
[BlackElo "1789"]
[Opening "QGA: classical, 6...a6"]
[ECO "D27"]
[Time "14:00:11"]
[TimeControl "2700+45"]

1. d4 d5 2. c4 dxc4 3. Nf3 Nf6 4. e3 e6 5. Bxc4 c5 6. O-O a6 7. Nc3 b5 8. Bd3
Bb7 9. Be2 Be7 10. dxc5 Qxd1 11. Rxd1 Bxc5 12. a3 Nbd7 13. b4 Bb6 14. Bb2 O-O
15. Rd6 Bc7 16. Rd2 e5 17. Rad1 Rad8 18. Nb1 Bc8 19. Nxe5 Ne4 20. Rxd7 Bxd7 21.
Nxd7 Rfe8 22. Rd4 f5 23. Nc5 Nxc5 24. bxc5 Rxd4 25. Bxd4 Be5 26. Bxe5 Rxe5 27.
c6 Rc5 28. g4 Rc1+ 29. Kg2 Rxb1 30. gxf5 Rc1 31. Bf3 Kf7 32. Kg3 Kf6 33. Kf4 a5
34. Bd5 b4 35. axb4 axb4 36. e4 b3 37. Bxb3 Rxc6 38. h4 Rc3 39. Bd5 h6 40. e5+
Ke7 41. e6 Kf6 42. Be4 Rc7 43. f3 Re7 44. Ke3 Ra7 45. f4 Ra1 46. Kd4 Rf1 47. Ke3
Re1+ 48. Kd3 Rf1 49. Ke3 Re1+ 50. Kd4 Rf1 51. Ke3 Rg1 52. Kf3 h5 53. Kf2 Rg4 54.
Kf3 Rxh4 55. Kg3 Rg4+ 56. Kf3 Rg1 57. Kf2 Rg4 58. Kf3 Rg1 59. Kf2 Ra1 60. Bf3 h4
61. Bg2 Ra3 62. Be4 h3 63. Bd5 Ra5 64. Bf3 Rxf5 65. Kg3 h2 66. Kxh2 Rxf4 67. Bd5
Rf2+ 68. Kg3 Re2 69. Kf3 Re5 70. Bc4 Rc5 71. Ba2 g5 72. Ke4 Re5+ 73. Kf3 Ra5 74.
Bc4 Ra3+ 75. Kg4 Ra4 {White resigns} 0-1

[Event "Team 45 45 League T39"]
[Site "Internet Chess Club"]
[Date "2008.11.15"]
[Round "4"]
[White "attalone"]
[Black "Camalleo"]
[Result "0-1"]
[WhiteElo "1702"]
[BlackElo "1842"]
[Opening "King's Indian: fianchetto, classical variation"]
[ECO "E67"]
[Time "12:01:53"]
[TimeControl "2700+45"]

1. d4 Nf6 2. c4 d6 3. Nc3 g6 4. Nf3 Bg7 5. g3 O-O 6. Bg2 Nbd7 7. O-O e5 8. d5
Nh5 9. Bg5 f6 10. Bd2 f5 11. Bg5 Nhf6 12. Nd2 h6 13. Bxf6 Nxf6 14. e3 Bd7 15.
Re1 Qe7 16. Qb3 b6 17. Rac1 e4 18. Nb5 Be8 19. Nd4 Bd7 20. Nb5 Bxb5 21. cxb5 Nd7
22. Rxc7 Qd8 23. Rec1 Nc5 24. Rxg7+ Kxg7 25. Qc3+ Qf6 26. Qa3 a6 27. bxa6 Rxa6
28. Qb4 Rxa2 29. Qxb6 Rxb2 30. Qa5 Rf7 31. Rd1 Nd3 32. Rf1 Ne5 33. Rc1 h5 34.
Rc8 h4 35. Nf1 h3 36. Bh1 Nd3 37. Qa8 Rxf2 38. Rg8+ Kh7 39. Qe8 Rxf1+ 40. Kxf1
Qa1+ 41. Ke2 Qe1# {White checkmated} 0-1

[Event "Team 45 45 League T39"]
[Site "Internet Chess Club"]
[Date "2008.11.16"]
[Round "4"]
[White "jordifp"]
[Black "joshtournman"]
[Result "1-0"]
[WhiteElo "1749"]
[BlackElo "1509"]
[Opening "Queen's pawn game"]
[ECO "D02"]
[Time "16:01:54"]
[TimeControl "2700+45"]

1. d4 d5 2. Nf3 e6 3. c4 Bb4+ 4. Nc3 Bxc3+ 5. bxc3 Nf6 6. Ba3 Ne4 7. Qd3 Nd6 8.
cxd5 exd5 9. e3 Bf5 10. Qd1 O-O 11. Bd3 Bxd3 12. Qxd3 Re8 13. O-O Nc4 14. Bc1
Nd7 15. Nd2 Nxd2 16. Bxd2 Qe7 17. Rfe1 c6 18. c4 Qe4 19. Qc3 Rac8 20. Rab1 b6
21. Rbc1 Nf6 22. f3 Qe6 23. c5 b5 24. Qa5 Qd7 25. a4 Rb8 26. Ra1 Re7 27. Qc3 b4
28. Qd3 Qb7 29. Rab1 a5 30. e4 Rbe8 31. e5 Nd7 32. Rb3 f6 33. f4 fxe5 34. fxe5
Qa7 35. Re3 Nxe5 36. dxe5 Qxc5 37. Kh1 Rxe5 38. Rxe5 Rxe5 39. h3 Qc4 40. Qg3 Qe2
41. Bf4 Qe1+ 42. Kh2 Qxg3+ 43. Kxg3 Re2 44. Bc7 Ra2 45. Bxa5 Rxa4 46. Bxb4 Kf7
47. Kf3 Ke6 48. Bc5 Rc4 49. Re3+ Kf7 50. Bd6 d4 51. Rd3 Ke6 52. Bf8 g6 53. Ke4
c5 54. Ra3 Rc2 55. g3 h5 56. Bh6 Re2+ 57. Kd3 Re5 58. h4 Kd5 59. Ra5 Rf5 60. Bf4
Rf7 61. Ra6 c4+ 62. Kd2 Rg7 63. Ra5+ Ke4 64. Re5+ Kf3 65. Rc5 c3+ 66. Kd3 Rd7
67. Rc6 g5 68. Bxg5 Kxg3 69. Rg6 Kh3 70. Re6 Kg4 71. Re4+ Kf5 72. Rxd4 Rc7 73.
Kc2 Ke5 74. Bf4+ Kxd4 75. Bxc7 Kc4 76. Ba5 Kd4 77. Bxc3+ Ke4 78. Bf6 Kf5 79. Bg5
Kg4 80. Kd3 Kf5 81. Kd4 Kg6 82. Ke5 Kf7 83. Kf5 Kg7 84. Bd8 Kh6 85. Kf6 Kh7 86.
Kg5 Kg8 87. Kxh5 Kh7 88. Bf6 Kg8 89. Kg6 Kf8 90. h5 Kg8 91. h6 Kf8 92. h7 {Black
resigns} 1-0

[Event "Team 45 45 League T39"]
[Site "Internet Chess Club"]
[Date "2008.11.16"]
[Round "4"]
[White "chipionero"]
[Black "ARMAND01968"]
[Result "1/2-1/2"]
[WhiteElo "1727"]
[BlackElo "1828"]
[Opening "QGD: Ragozin variation"]
[ECO "D38"]
[Time "11:06:27"]
[TimeControl "2700+45"]

1. d4 d5 2. Nf3 e6 3. c4 Nf6 4. Nc3 Bb4 5. Bd2 O-O 6. e3 c5 7. cxd5 Nxd5 8. Nxd5
Bxd2+ 9. Qxd2 Qxd5 10. dxc5 Qxc5 11. Rc1 Qe7 12. Bb5 a6 13. Ba4 Rd8 14. Qc3 Bd7
15. Bxd7 Qxd7 16. O-O Nc6 17. Ne5 Nxe5 18. Qxe5 f6 19. Qc7 e5 20. h3 b5 21. Rc2
Qf5 22. Re2 Qd3 23. Rfe1 Rdc8 24. Qa5 f5 25. Rd2 Qc4 26. Red1 h6 27. b3 Qc7 28.
Qxc7 Rxc7 29. Rd8+ Rxd8 30. Rxd8+ Kf7 31. Rd6 Ra7 32. Kf1 b4 33. Ke2 a5 34. Kd3
Ke7 35. Rg6 Kf7 36. Rd6 Ke7 37. Rg6 Kf7 38. Rd6 Ke7 39. Rg6 {Game drawn by
repetition} 1/2-1/2

[Event "Team 45 45 League T39"]
[Site "Internet Chess Club"]
[Date "2008.11.15"]
[Round "4"]
[White "ErCaos"]
[Black "IceBox"]
[Result "0-1"]
[WhiteElo "1791"]
[BlackElo "1730"]
[Opening "Sicilian: Richter-Rauzer"]
[ECO "B60"]
[Time "17:00:33"]
[TimeControl "2700+45"]

1. e4 c5 2. Nf3 d6 3. d4 cxd4 4. Nxd4 Nf6 5. Nc3 Nc6 6. Bg5 e5 7. Nb3 Be6 8. Nd5
a6 9. Bxf6 gxf6 10. f4 f5 11. exf5 Bxf5 12. Bd3 Be6 13. Nc3 Rg8 14. Qe2 Qh4+ 15.
g3 Rxg3 16. O-O-O Qxf4+ 17. Kb1 Rg7 18. Rdf1 Nd4 19. Rxf4 Nxe2 20. Rh4 Nxc3+ 21.
bxc3 h6 22. Rxh6 Rc8 23. Kb2 Rg2 24. Rh8 d5 25. h4 Ke7 26. Bf1 Rg3 27. h5 Bg7
28. Rxc8 Bxc8 29. Nc5 e4 30. Na4 b5 31. Nb6 Bxc3+ 32. Kb1 Be6 33. a4 Re3 34. Bg2
Re1+ 35. Rxe1 Bxe1 36. axb5 axb5 37. Bf1 b4 38. Be2 Bf2 39. Na4 Bd4 40. Nb2 f5
41. Nd1 f4 {White resigns} 0-1

[Event "Team 45 45 League T39"]
[Site "Internet Chess Club"]
[Date "2008.11.16"]
[Round "4"]
[White "alexcluster"]
[Black "frank001"]
[Result "0-1"]
[WhiteElo "1657"]
[BlackElo "1906"]
[Opening "Queen's pawn game"]
[ECO "D02"]
[Time "13:00:15"]
[TimeControl "2700+45"]

1. d4 d5 2. Nf3 f5 3. g3 c6 4. Bg2 Nf6 5. O-O e6 6. Nbd2 Bd6 7. c4 O-O 8. b3 Qe7
9. Bb2 Ne4 10. Nxe4 fxe4 11. Ne5 Nd7 12. e3 Nxe5 13. dxe5 Bc7 14. g4 Qg5 15. h3
Bxe5 16. Bxe5 Qxe5 17. Qc2 Bd7 18. Rad1 Be8 19. Rd2 Qg5 20. Qd1 h5 21. Qe2 hxg4
22. Qxg4 Qxg4 23. hxg4 Bg6 24. Rfd1 Rf6 25. Bh3 Bf7 26. Kh2 Kf8 27. g5 Rg6 28.
Rg1 Ke7 29. Rg3 Rh8 30. Kg2 Rh5 31. cxd5 exd5 32. Bc8 b6 33. Bb7 Be8 34. Rc2
Rhxg5 35. b4 Rxg3+ 36. fxg3 Rd6 37. a4 Kd8 38. Ba6 Bh5 39. Be2 Bxe2 40. Rxe2 Rf6
41. g4 Kd7 42. Kg3 g5 43. Kg2 Kd6 44. Rd2 c5 45. bxc5+ bxc5 46. Rb2 Rf3 47. Rb3
d4 {White resigns} 0-1

[Event "Team 45 45 League T39"]
[Site "Internet Chess Club"]
[Date "2008.11.17"]
[Round "4"]
[White "GolfSuper"]
[Black "Invicta-Knight"]
[Result "1-0"]
[WhiteElo "1594"]
[BlackElo "1441"]
[Opening "Scandinavian: Pytel-Wade variation"]
[ECO "B01"]
[Time "15:07:22"]
[TimeControl "2700+45"]

1. e4 d5 2. exd5 Qxd5 3. Nc3 Qd6 4. Be2 Nf6 5. Nf3 Nc6 6. O-O e5 7. d3 Bf5 8.
Be3 O-O-O 9. Ng5 Bg6 10. Bf3 h6 11. Nge4 Nxe4 12. Nxe4 Qe6 13. Qe2 Nd4 14. Bxd4
Rxd4 15. Rfe1 f6 16. a3 Bh7 17. b4 Be7 18. Nc5 Bxc5 19. bxc5 c6 20. Qe3 Qe7 21.
Qxd4 {Black resigns} 1-0

[Event "Team 45 45 League T39"]
[Site "Internet Chess Club"]
[Date "2008.11.16"]
[Round "4"]
[White "houseofcook"]
[Black "curtintime"]
[Result "1-0"]
[WhiteElo "1436"]
[BlackElo "1342"]
[Opening "Scotch gambit"]
[ECO "C44"]
[Time "12:02:12"]
[TimeControl "2700+45"]

1. e4 e5 2. Nf3 Nc6 3. d4 exd4 4. Bc4 Bb4+ 5. c3 dxc3 6. bxc3 Bd6 7. O-O Nf6 8.
Re1 Ne5 9. Nxe5 Bxe5 10. Bxf7+ Kxf7 11. f4 Bd6 12. e5 Bc5+ 13. Kh1 Ng8 14. Qd5+
Kf8 15. Qxc5+ d6 16. exd6 Qxd6 17. Qxd6+ cxd6 18. Ba3 Bf5 19. Bxd6+ Kf7 20. Na3
Be6 21. Nb5 Nf6 22. Nc7 Bd7 23. Nxa8 Rxa8 24. Re7+ Kg6 25. Rae1 Bc6 26. h3 Re8
27. Rxe8 Bxe8 28. g4 Bf7 29. a3 h5 30. g5 Nd5 31. c4 Nb6 32. c5 Nd5 33. h4 Kf5
34. Rb1 Nxf4 35. Bxf4 Kxf4 36. Rf1+ {Black resigns} 1-0

[Event "Team 45 45 League T39"]
[Site "Internet Chess Club"]
[Date "2008.11.22"]
[Round "4"]
[White "BosqueVerde"]
[Black "stputte"]
[Result "0-1"]
[WhiteElo "1242"]
[BlackElo "1376"]
[Opening "Benkö gambit"]
[ECO "A57"]
[Time "11:00:44"]
[TimeControl "2700+45"]

1. d4 Nf6 2. c4 c5 3. d5 b5 4. b3 g6 5. Bb2 Bg7 6. Nc3 bxc4 7. bxc4 d6 8. Qc2
O-O 9. Nf3 Qa5 10. Nd2 Bf5 11. Nb3 Bxc2 12. Nxa5 Ne4 13. e3 Nxc3 14. Rc1 Nxa2
15. Bxg7 Kxg7 16. Rxc2 Nb4 17. Rb2 Nd7 18. Be2 Ne5 19. Rb3 Nc2+ 20. Kd2 Nb4 21.
f4 Nd7 22. g4 Rfb8 23. Bf3 Rb6 24. Nc6 Nxc6 25. Rxb6 Nxb6 26. dxc6 Nxc4+ 27. Kd3
Nb6 28. c7 Rc8 29. Ra1 Rxc7 30. h4 h6 31. e4 f6 32. e5 dxe5 33. fxe5 fxe5 34.
Ke4 Kf6 35. Be2 c4 36. Rf1+ Ke6 37. g5 hxg5 38. Bg4+ Kd6 39. Rd1+ Kc5 40. hxg5
c3 41. Rc1 Na4 42. Kxe5 Kb4 43. Ke6 Rc5 44. Rb1+ Ka3 45. Ra1+ Kb2 46. Rxa4 c2
47. Rb4+ Kc3 48. Rc4+ Kxc4 49. Be2+ Kc3 50. Bh5 c1=Q 51. Bxg6 Qxg5 {White
resigns} 0-1

[Event "Team 45 45 League T39"]
[Site "Internet Chess Club"]
[Date "2008.11.14"]
[Round "4"]
[White "Gomer"]
[Black "rookmaster23"]
[Result "0-1"]
[WhiteElo "1122"]
[BlackElo "1326"]
[Opening "Sicilian"]
[ECO "B50"]
[Time "20:00:32"]
[TimeControl "2700+45"]

1. e4 c5 2. Nf3 d6 3. Nc3 e5 4. Bc4 Nc6 5. d3 Be7 6. O-O Nf6 7. Ng5 O-O 8. f4 h6
9. Nf3 Bg4 10. f5 Nd4 11. Qd2 Nh5 12. Nxd4 cxd4 13. Nd5 Bg5 14. Qf2 a6 15. h3
Bh4 16. Qd2 Bxh3 17. gxh3 Bg5 18. Qe2 Ng3 19. Qg2 Nxf1 20. Qxf1 b5 21. Bb3 a5
22. a3 Rc8 23. c3 dxc3 24. Nxc3 b4 25. axb4 axb4 26. Nd5 Bxc1 27. Rxc1 Qg5+
{White resigns} 0-1

[Event "Team 45 45 League T39"]
[Site "Internet Chess Club"]
[Date "2008.11.14"]
[Round "4"]
[White "smsxman"]
[Black "Kravier"]
[Result "1-0"]
[WhiteElo "1437"]
[BlackElo "1504"]
[Opening "Sicilian: Smith-Morra gambit"]
[ECO "B21"]
[Time "13:23:38"]
[TimeControl "2700+45"]

1. e4 c5 2. d4 cxd4 3. c3 dxc3 4. Nxc3 e6 5. Bc4 a6 6. Nf3 Nc6 7. O-O Qc7 8. Re1
Nf6 9. h3 Bb4 10. Qb3 Bxc3 11. Qxc3 b5 12. Bb3 Qa5 13. Bd2 Qxc3 14. Bxc3 O-O 15.
Nd4 Nxd4 16. Bxd4 d5 17. Bxf6 gxf6 18. exd5 e5 19. Rad1 Bf5 20. f3 Rfd8 21. g4
Bg6 22. h4 h6 23. h5 Bh7 24. Re2 Rd6 25. Red2 Rad8 26. Kg2 f5 27. Bc2 e4 28.
gxf5 Bxf5 29. fxe4 Bg4 30. Rh1 Kf8 31. Rh4 Bc8 32. Rf2 Ke7 33. Rhf4 Rg8+ 34. Kh2
f6 35. Bb3 Rg5 36. Bd1 Bd7 37. b3 Be8 38. Rh4 Rd7 39. Rc2 Rb7 40. Rc8 Kd7 41.
Ra8 Rc7 42. Rxa6 Rc1 43. Bg4+ Ke7 44. Ra7+ Kd6 45. Ra6+ Kc5 46. Rxf6 Rc2+ 47.
Kh3 Kd4 48. Rxh6 Rc3+ 49. Kh2 Rc2+ 50. Kh3 Rc3+ 51. Kh2 Rc2+ 52. Kg1 Rc1+ 53.
Kf2 b4 54. d6 Rc2+ 55. Kg3 Bb5 56. Kf4 Rg8 57. e5 Rf2+ 58. Bf3 Bc6 59. Rh3 Rg1
60. Rg3 Rgf1 61. d7 Bxf3 62. d8=Q+ Bd5+ 63. Kg5 Rf5+ 64. Kg6 Rxe5 65. Qb6+
{Black resigns} 1-0

[Event "Team 45 45 League T39"]
[Site "Internet Chess Club"]
[Date "2008.11.16"]
[Round "4"]
[White "CoasterBrake"]
[Black "MeansToAnEnd"]
[Result "0-1"]
[WhiteElo "1237"]
[BlackElo "1108"]
[Opening "Robatsch (modern) defense"]
[ECO "B06"]
[Time "18:19:43"]
[TimeControl "2700+45"]

1. e4 g6 2. d4 d6 3. Nc3 a6 4. Nf3 Bg7 5. Bd3 Nc6 6. Be3 b6 7. O-O Bb7 8. Re1
Nf6 9. a3 O-O 10. d5 Nb8 11. Qd2 c5 12. dxc6 Bxc6 13. Bh6 Nbd7 14. Bxg7 Kxg7 15.
h3 Nc5 16. Nd4 Qc7 17. Nxc6 Qxc6 18. Rab1 Nxd3 19. Qxd3 e6 20. f3 Rfd8 21. b3 d5
22. exd5 Nxd5 23. Nxd5 Qc5+ 24. Kf1 Rxd5 25. b4 Qb5 26. Qxb5 Rxb5 27. c4 Rf5 28.
Rbd1 Rf4 29. Rd6 Rxc4 30. Rxb6 Rc3 31. Ra1 a5 32. Kf2 axb4 33. Rxb4 Raxa3 34.
Rxa3 Rxa3 35. Rb5 f5 36. Re5 Kf6 37. Rb5 f4 38. Rb8 e5 39. Rh8 Ra2+ 40. Kg1 h5
41. h4 Kf5 42. Rf8+ Ke6 43. Rg8 Kf7 44. Rc8 Ke6 45. Rg8 Kf5 46. Rf8+ Ke6 47. Rg8
Kf7 48. Rc8 Re2 49. Rc4 Kf6 50. Kf1 Re3 51. Rc6+ Kf5 52. Rc7 e4 53. Re7 exf3 54.
Rxe3 fxe3 55. gxf3 Kf4 56. Ke2 Kg3 57. Kxe3 Kxh4 58. f4 g5 59. f5 g4 60. Kf2 Kg5
61. f6 Kxf6 62. Kg3 Kg5 63. Kg2 h4 64. Kh2 Kf4 65. Kg2 h3+ 66. Kh2 Kf3 67. Kg1
g3 68. Kh1 g2+ 69. Kg1 h2+ 70. Kxh2 Kf2 {White resigns} 0-1

[Event "Team 45 45 League T39"]
[Site "Internet Chess Club"]
[Date "2008.11.18"]
[Round "4"]
[White "freestyle"]
[Black "killer21"]
[Result "1-0"]
[WhiteElo "2242"]
[BlackElo "2256"]
[Opening "Sicilian: Richter-Rauzer, Rauzer attack, 7...a6"]
[ECO "B66"]
[Time "05:01:35"]
[TimeControl "2700+45"]

1. e4 c5 2. Nf3 d6 3. d4 cxd4 4. Nxd4 Nf6 5. Nc3 Nc6 6. Bg5 e6 7. Qd2 a6 8.
O-O-O Qa5 9. Nb3 Qc7 10. f4 Be7 11. Be2 b5 12. Bxf6 gxf6 13. Bh5 Bb7 14. f5 O-O
15. Qh6 Ne5 16. Nd4 Bc8 17. g4 Kh8 18. g5 Rg8 19. fxe6 fxe6 20. gxf6 Bf8 21. Qf4
b4 22. Nce2 Ng6 23. Qf3 e5 24. Nb3 a5 25. Kb1 Be6 26. Nbc1 Rc8 27. Qd3 a4 28.
Rhg1 Bh6 29. b3 Qc6 30. Rg2 Bf7 31. Bg4 Rc7 32. Bf5 Rd8 33. Rdg1 Nh4 34. Rg4
Nxf5 35. exf5 d5 36. Rc4 Qd6 37. Rxc7 Qxc7 38. Qh3 Bf8 39. Nd3 Rc8 40. Rc1 d4
41. Qg3 Bh5 42. Rg1 Bh6 43. f7 Qxf7 44. Qxe5+ Bg7 45. f6 Bxf6 46. Qf5 Rg8 47.
Rxg8+ Kxg8 48. Nef4 Bf3 49. bxa4 Bh8 50. Qc8+ Qf8 51. Qe6+ Qf7 52. Kb2 Qxe6 53.
Nxe6 Bf6 54. a5 Kf7 55. Ng5+ Bxg5 56. Ne5+ Ke6 57. Nxf3 Bd8 58. a6 Bb6 59. Kb3
Kd5 60. Kxb4 Ba7 61. Kb5 h5 62. Nd2 d3 63. cxd3 Kd4 64. Kc6 Kxd3 65. Kb7 {Black
resigns} 1-0

[Event "Team 45 45 League T39"]
[Site "Internet Chess Club"]
[Date "2008.11.14"]
[Round "4"]
[White "andreip"]
[Black "MRX"]
[Result "1-0"]
[WhiteElo "2041"]
[BlackElo "1699"]
[Opening "KGD: Falkbeer, 5.de"]
[ECO "C32"]
[Time "13:21:02"]
[TimeControl "2700+45"]

1. e4 e5 2. f4 d5 3. exd5 e4 4. d3 Nf6 5. dxe4 Nxe4 6. Nf3 c6 7. Nbd2 Qxd5 8.
Qe2 Bf5 9. Ng5 Bb4 10. c3 O-O 11. Ndxe4 Nd7 12. Qd3 Bxe4 13. Nxe4 Rfe8 14. Qxd5
Bxc3+ 15. Kd1 cxd5 16. Nxc3 d4 17. Nb5 Nf6 18. Nc7 {Black resigns} 1-0

[Event "Team 45 45 League T39"]
[Site "Internet Chess Club"]
[Date "2008.11.15"]
[Round "4"]
[White "TerryMalloy"]
[Black "jonesey"]
[Result "0-1"]
[WhiteElo "1936"]
[BlackElo "2012"]
[Opening "Benkö gambit: Zaitsev system"]
[ECO "A57"]
[Time "09:45:48"]
[TimeControl "2700+45"]

1. d4 Nf6 2. c4 c5 3. d5 b5 4. cxb5 a6 5. Nc3 axb5 6. e4 b4 7. Nb5 d6 8. Bf4 g5
9. Be3 Nxe4 10. Bd3 Qa5 11. Qe2 b3+ 12. Kd1 Qxa2 13. Rc1 Ba6 14. Nc7+ Kd8 15.
Nxa8 Bg7 16. Bxa6 Nxa6 17. Qb5 Bxb2 18. Nb6 Nb8 19. Na4 Kc8 20. Ne2 Nxf2+ 21.
Bxf2 Bxc1 22. Nb6+ Kc7 23. Na8+ Qxa8 24. Nxc1 Qxd5+ 25. Ke2 Qe4+ 26. Be3 Nc6 27.
Rd1 Rb8 28. Qa6 Qc2+ 29. Ke1 b2 {White resigns} 0-1

[Event "Team 45 45 League T39"]
[Site "Internet Chess Club"]
[Date "2008.11.16"]
[Round "4"]
[White "ElmerHo"]
[Black "Tjet"]
[Result "1-0"]
[WhiteElo "1604"]
[BlackElo "1593"]
[Opening "Scandinavian (center counter) defense"]
[ECO "B01"]
[Time "20:00:16"]
[TimeControl "2700+45"]

1. e4 d5 2. exd5 Qxd5 3. Nc3 Qa5 4. Nf3 Nf6 5. d4 c6 6. Bc4 Bf5 7. Bd2 Qc7 8.
Ne5 e6 9. g4 Bg6 10. h4 Be4 11. Nxe4 Nxe4 12. Bf4 Nd6 13. Bb3 Qe7 14. Qf3 Nd7
15. O-O-O Nxe5 16. Bxe5 O-O-O 17. Qe3 Nb5 18. c4 Nc7 19. d5 Qc5 20. Bd4 Qa5 21.
Bxa7 c5 22. dxe6 Rxd1+ 23. Rxd1 Nxe6 24. Qd2 Qxd2+ 25. Rxd2 Nd4 26. Bb6 Nxb3+
27. axb3 Be7 28. Rd5 Bxh4 29. Rxc5+ Kd7 30. Rc7+ Ke6 31. Rxb7 Rc8 32. Be3 Rc6
33. Rb5 g6 34. Rd5 Ra6 35. Kc2 Bf6 36. Bd4 Bxd4 37. Rxd4 h5 38. gxh5 gxh5 39.
Rh4 Ra5 40. Kc3 Rf5 41. f4 Kd6 42. b4 Kc6 43. b3 f6 44. Kd4 Kd6 45. Ke4 Ke6 46.
b5 Rc5 47. Kd4 Kd6 48. b4 Rf5 49. Ke4 {Black resigns} 1-0

[Event "Team 45 45 League T39"]
[Site "Internet Chess Club"]
[Date "2008.11.15"]
[Round "4"]
[White "charlo"]
[Black "Invicta-Knight"]
[Result "1-0"]
[WhiteElo "1560"]
[BlackElo "1451"]
[Opening "Réti: King's Indian attack"]
[ECO "A05"]
[Time "15:00:29"]
[TimeControl "2700+45"]

1. Nf3 Nf6 2. g3 g6 3. Bg2 Bg7 4. d3 O-O 5. O-O Nc6 6. e4 d6 7. Nc3 Bg4 8. h3
Bd7 9. Bg5 Qc8 10. Kh2 Re8 11. Qd2 a5 12. Rfe1 a4 13. d4 e5 14. d5 Na7 15. Rad1
b5 16. a3 Qb7 17. Na2 Nc8 18. Nb4 Nb6 19. Bf1 Nc4 20. Bxc4 bxc4 21. c3 Qc8 22.
Ng1 Kh8 23. Re2 Ng8 24. f3 h6 25. Be3 f5 26. Ree1 Rf8 27. exf5 Bxf5 28. g4 Bd7
29. Qc2 Qe8 30. Qe4 Bb5 31. g5 h5 32. Ne2 Qf7 33. Rf1 Rae8 34. Ng3 Re7 35. Rf2
Qe8 36. Rdf1 Qc8 37. Qxg6 Bd7 38. Qxh5+ Nh6 39. gxh6 Bf6 40. Rg1 Rh7 41. Ne4 Be8
42. Qg4 Bd7 43. Qg3 Be7 44. Rfg2 Qe8 45. Bg5 Bxg5 46. Qxg5 Qf7 47. Qf6+ Qxf6 48.
Nxf6 {Black resigns} 1-0

[Event "Team 45 45 League T39"]
[Site "Internet Chess Club"]
[Date "2008.11.15"]
[Round "4"]
[White "twintower"]
[Black "forsyth"]
[Result "0-1"]
[WhiteElo "1440"]
[BlackElo "1431"]
[Opening "Caro-Kann: closed (Breyer) variation"]
[ECO "B10"]
[Time "20:24:10"]
[TimeControl "2700+45"]

1. e4 c6 2. d3 d5 3. Nd2 dxe4 4. Nxe4 Nf6 5. Qe2 Nxe4 6. Qxe4 Qb6 7. b3 Be6 8.
Ne2 Nd7 9. Bb2 O-O-O 10. Nf4 Qa5+ 11. c3 Nf6 12. Qe2 Bg4 13. f3 Bf5 14. g4 Bg6
15. Bg2 Nd5 16. Nxd5 Rxd5 17. d4 Rd6 18. O-O h5 19. f4 hxg4 20. Qxg4+ e6 21.
Rfe1 Bf5 22. Qg3 g6 23. Re5 Qd8 24. Ba3 Rd7 25. Bb4 Bxb4 26. cxb4 Rxd4 27. Ra5
Rd1+ {White resigns} 0-1